 Dungeon Crawl Stone Soup version 0.30-a0-218-gedb9141078 (webtiles) character file.

Game seed: 12896961152572910345

4171 Flugkiller the Martial Artist (level 10, -6/84 (86) HPs)
             Began as a Meteoran Chaos Knight on Oct 5, 2022.
             Was a Plaything of Xom.
             Mangled by a two-headed ogre
             ... wielding a +0 giant club
              (8 damage)
             ... on level 8 of the Dungeon.
             The game lasted 00:19:40 (4621 turns).

Flugkiller the Martial Artist (MeCK)                Turns: 4621, Time: 00:19:42

HP:   -6/84 (86)    AC: 10    Str: 17    XL:     10   Next: 82%
MP:   0/17          EV: 15    Int: 14    God:    Xom [...*..]
Gold: 430           SH:  0    Dex: 17    Spells: 14/17 levels left

rFire   . . .      SeeInvis .      - Unarmed
rCold   . . .      Faith    .    (no shield)
rNeg    . . .      Spirit   +    x - +2 leather armour {Will+}
rPois   .          Reflect  .    (helmet restricted)
rElec   .          Harm     .    h - +2 cloak
rCorr   .          Rampage  .    (no gloves)
Will    ++...                    (no boots)
Stlth   +.........               A - amulet of guardian spirit
HPRegen 0.34/turn                (no ring)
MPRegen 0.15/turn                (no ring)

@: glowing, lightly drained
A: sense surroundings 2, otherworldly, glowing, explore regen, horns 1,
iridescent scales 1, strong 1, wild magic 1, evolution 1, MP-powered wands
a: Renounce Religion


You were on level 8 of the Dungeon.
You worshipped Xom.
You were a favourite toy of Xom.
You visited 1 branch of the dungeon, and saw 9 of its levels.
You also visited: Sewer.

You collected 430 gold pieces.

Inventory:

Hand Weapons
 i - a +2 dagger of distortion
   (You took it off a goblin on level 2 of the Dungeon)
Missiles
 j - 4 javelins
 q - a throwing net
 y - 6 boomerangs
 C - a curare-tipped dart
Armour
 a - a +2 leather armour
 d - a +2 scale mail of fire resistance
   (You took it off Terence on level 1 of the Dungeon)
 h - a +2 cloak (worn)
   (You found it on level 5 of the Dungeon)
 x - a +2 leather armour of willpower (worn)
   (You took it off an orc on level 4 of the Dungeon)
Jewellery
 A - an amulet of guardian spirit (around neck)
   (You found it on level 8 of the Dungeon)
 E - an amulet of reflection
   (You found it on level 8 of the Dungeon)
Wands
 u - a wand of roots (6)
   (You found it on level 8 of the Dungeon)
 B - a wand of polymorph (6)
   (You found it on level 5 of the Dungeon)
 D - a wand of quicksilver (10)
   (You found it on level 7 of the Dungeon)
 G - a wand of mindburst (9)
   (You found it on level 8 of the Dungeon)
Scrolls
 e - 4 scrolls of brand weapon
 g - a scroll of vulnerability
 l - 6 scrolls of magic mapping
 n - a scroll of immolation
 o - 4 scrolls of amnesia
 t - 4 scrolls of teleportation
 H - a scroll of poison
Potions
 c - 5 potions of attraction
 f - 3 potions of invisibility {unknown}
 k - 2 potions of curing {unknown}
 m - 2 potions of brilliance
 p - a potion of mutation {unknown}
 r - 2 potions of flight {unknown}
 s - 2 potions of magic {unknown}
 v - a potion of berserk rage {unknown}
 w - 3 potions of heal wounds
 F - a potion of degeneration {unknown}
Miscellaneous
 b - a piece from Xom's chessboard (8/15) (quivered)
 z - a tin of tremorstones (2/2)
   (You found it on level 9 of the Dungeon)


   Skills:
 + Level 7.4 Fighting
 - Level 2.4 Armour
 - Level 6.0 Dodging
 - Level 10.0 Unarmed Combat
 - Level 4.0 Spellcasting
 - Level 7.0 Hexes
 - Level 6.9 Summonings
 - Level 3.4 Evocations


You had 14 spell levels left.
You knew the following spells:

 Your Spells              Type           Power      Damage    Failure   Level
a - Summon Guardian Gole  Hex/Summ       29%        N/A       6%          3

Your spell library contained the following spells:

 Spells                   Type           Power      Damage    Failure   Level
 Orb of Destruction       Conj           1%         9d5       100%        7
 Spellforged Servitor     Conj/Summ      8%         N/A       100%        7


Dungeon Overview and Level Annotations

Branches:
Dungeon (9/15) Zot: 914    Temple (0/1) D:7            Lair (0/5) D:9
  Sewer (visited)
    Orc: D:9-12

Altars:
Ashenzari
Cheibriados
Fedhas
Hepliaklqana
Okawaru
Qazlal
Sif Muna
Wu Jian
Xom
Yredelemnul

Annotations:
D:8 Gastronok


Innate Abilities, Weirdness & Mutations

You passively map the area around you.
You are easily found by Zot.
You glow in the dark.
You regain HP and MP as you explore.
You have a pair of small horns on your head.
You are partially covered in iridescent scales. (AC +2)
Your muscles are strong. (Str +4, Int/Dex -1)
Your spells are a little harder to cast, but a little more powerful.
You have hidden genetic potential.
You expend magic power (3 MP) to strengthen your wands.


Message History

a +0 short sword; a +0 leather armour; an orc corpse The orc shouts!
You punch the orc wizard!
The orc wizard is almost dead.
The orc wizard misses you. Something hits you but does no damage.
You punch the orc wizard!
You kill the orc wizard!
You hear some strange, mumbled words.
A magic dart appears from out of thin air!
The magic dart hits you but does no damage.
You miss something. Something barely misses you.
An orc wizard comes into view. It is wielding a +0 dagger.
Things that are here:
a +0 dagger; a +0 robe; an orc corpse Something hits you but does no damage.
You punch the orc!
You kill the orc!
Something hits you but does no damage. The orc wizard casts a spell at you.
The puff of flame misses you. Something hits you but does no damage.
An orc comes into view. It is wielding a +3 flail.
The orc shouts!
Things that are here:
a +0 whip; a +0 leather armour; an orc corpse You punch the orc wizard!
You kill the orc wizard!
You hear some strange, mumbled words.
A puff of flame appears from out of thin air!
The puff of flame hits you!
Your piece from Xom's chessboard (8/15) has regained one charge.
Things that are here:
a +0 dagger; a +0 robe You hit something.
You headbutt something.
You hear some strange, mumbled words.
A magic dart appears from out of thin air!
The magic dart hits you. The orc hits you but does no damage.
You hit the orc but do no damage. Your headbutt misses the orc.
Something hits you but does no damage. The orc completely misses you.
You closely miss something. You punch the orc!
You kill the orc!
Something hits you but does no damage.
You closely miss something. Your headbutt misses something.
You punch something. Something hits you.
No target in view!
You hit something but do no damage.
You hear some strange, mumbled words.
A puff of flame appears from out of thin air!
The puff of flame hits you.
No target in view!
You punch something!
Reactivating autopickup.
You feel a bit more experienced.
No target in view!
Things that are here:
a +0 dagger; a +0 robe
There is a stone staircase leading up, spattered with blood here.
You climb upwards.
Level annotation: Gastronok The two-headed ogre hits you with a +0 giant club!
The two-headed ogre hits you with a +0 great mace!
There is a stone staircase leading down, spattered with blood here.
Aiming: Fastroot
Press: ? - help, Shift-Dir - straight line You feel a surge of power!
The roots erupt in riotous growth!
Roots grab the two-headed ogre.
The grasping roots constrict the two-headed ogre.
The two-headed ogre hits you with a +0 giant club!!
* * * LOW HITPOINT WARNING * * *
The two-headed ogre barely misses you.
The grasping roots constrict the two-headed ogre!
The two-headed ogre escapes!
Okay, then.
Okay, then.
Casting: Summon Guardian Golem (dangerous; 6% risk of failure)
Confirm with . or Enter, or press ? or * to list all spells.
A guardian golem appears, shielding your allies.
The two-headed ogre hits you with a +0 giant club!!
* * * LOW HITPOINT WARNING * * *
You emit a cloud of colourful smoke!
The two-headed ogre closely misses you.
Unknown command.
Aiming: Fastroot
Press: ? - help, Shift-Dir - straight line, f - two-headed ogre
Aim: a two-headed ogre, wielding a +0 giant club and a +0 great mace (magical condensation, moderately wounded, ally target)
The roots erupt in riotous growth!
Roots grab the two-headed ogre.
Your guardian golem is unaffected.
The grasping roots constrict the two-headed ogre.
The two-headed ogre escapes!
Aiming: Quicksilver Bolt
Press: ? - help, Shift-Dir - straight line, f/p - two-headed ogre
Aim: a two-headed ogre, wielding a +0 giant club and a +0 great mace (moderately wounded, ally target, 88% to hit)
The bolt of dispelling energy hits the two-headed ogre!
The two-headed ogre is severely wounded.
The two-headed ogre hits you with a +0 giant club!
You die...
Xom titters!

###.##§§§≈≈≈≈≈≈≈§##
.....§≈≈######§≈≈≈##
..#.≈≈≈##....##8≈§≈##
#.#.≈≈##......##.≈§≈##
..#.≈≈#..# *#..#8.≈≈§#
...#≈≈#S.+, #..'..>§≈#
....≈≈#l.# ,#..'.9§§§#
....≈§#..# #..#8O≈§≈#
....≈§##......*#@≈≈≈.#
...#≈≈≈# [...*#8≈≈≈#.#
.#...≈≈≈#### #§≈§§##.#
.###.#≈≈≈≈≈~§≈§§§## .#
## ...≈≈§≈§§≈§§. ,.#
##,....§.§...* *
###### ###


You could see a two-headed ogre (ally target) and a friendly guardian golem
(summoned).

Vanquished Creatures
  Erica (D:8)
  A troll (D:9)
  A wraith (D:9)
  2 wyverns (D:9)
  2 water moccasins
  A black bear (shapeshifter) (D:9)
  An ice beast (D:8)
  An orc warrior (D:8)
  A black bear (D:4)
  An ogre (D:6)
  2 centaurs
  2 kobold brigands
  4 bullfrogs
  3 scorpions
  9 wights
  3 killer bees (D:8)
  A lava snake (D:8)
  2 jellies
  2 orc priests
  Terence (D:1)
  Jessica (D:3)
  A gnoll bouda (D:4)
  6 iguanas
  5 orc wizards
  A hell rat (Sewer)
  7 gnolls
  2 river rats
  3 adders
  A shadow imp (D:6)
  2 white imps (D:7)
  2 worms
  27 orcs
  3 endoplasms
  2 giant cockroaches
  4 hobgoblins
  3 jackals (D:1)
  4 quokkas
  3 ball pythons
  3 bats (D:1)
  A frilled lizard (D:2)
  4 goblins
  21 kobolds
  4 rats
151 creatures vanquished.

Vanquished Creatures (collateral kills)
  2 wights (D:8)
  A hound (D:4)
  An orc wizard (D:3)
  An adder (D:4)
  2 orcs (D:3)
  A hobgoblin (D:4)
  A rat (D:3)
9 creatures vanquished.

Vanquished Creatures (others)
  A dancing weapon (D:8)
  A kobold brigand (D:6)
  An orc (D:8)
  3 kobolds
  2 fungi (D:7)
  8 toadstools (D:3)
16 creatures vanquished.

Grand Total: 176 creatures vanquished

Notes
Turn   | Place    | Note
-------+----------+-------------------------------------------
     0 | D:1      | Flugkiller the Meteoran Chaos Knight began the quest for
                  | the Orb.
     0 | D:1      | Reached XP level 1. HP: 19/19 MP: 2/2
    62 | D:1      | Reached XP level 2. HP: 26/26 MP: 3/3
   122 | D:1      | Reached skill level 4 in Unarmed Combat
   174 | D:2      | Noticed Terence
   184 | D:1      | XOM: silly message
   187 | D:1      | XOM: divine lightning
   196 | D:1      | Killed Terence
   197 | D:1      | Reached XP level 3. HP: 13/33 MP: 4/4
   818 | D:2      | Found a snail-covered altar of Cheibriados.
   901 | D:1      | Reached XP level 4. HP: 36/40 MP: 5/5
  1235 | D:3      | Noticed Jessica
  1249 | D:3      | XOM: summons friendly quasit
  1254 | D:3      | Killed Jessica
  1255 | D:3      | Reached XP level 5. HP: 36/46 MP: 6/6
  1328 | D:3      | Reached skill level 5 in Unarmed Combat
  1502 | D:4      | Reached XP level 6. HP: 35/52 MP: 7/7
  1541 | D:4      | XOM: summons friendly quasit
  1635 | D:4      | Noticed a black bear
  1640 | D:4      | Killed a black bear
  1641 | D:4      | Reached skill level 5 in Dodging
  1641 | D:4      | Reached XP level 7. HP: 55/59 MP: 8/8
  1953 | D:4      | Reached skill level 6 in Unarmed Combat
  1984 | D:4      | Found a glowing drain.
  1995 | Sewer    | Entered a sewer
  2035 | Sewer    | XOM: silly message
  2132 | D:5      | Entered Level 5 of the Dungeon
  2289 | D:5      | XOM: 3-stop teleportation journey
  2339 | D:5      | Reached skill level 7 in Unarmed Combat
  2353 | D:5      | Noticed a water moccasin
  2353 | D:5      | XOM: cast spell 'Chain of Chaos'
  2371 | D:5      | XOM: swap monsters
  2372 | D:5      | Killed a water moccasin
  2373 | D:5      | Reached skill level 1 in Evocations
  2373 | D:5      | Reached XP level 8. HP: 39/66 MP: 9/9
  2433 | D:5      | a black bear changed into a hornet
  2433 | D:5      | Noticed a hornet
  2433 | D:5      | XOM: polymorph black bear -> hornet
  2441 | D:5      | Paralysed by a hornet for 3 turns
  2445 | D:5      | XOM: 3-stop teleportation journey
  2574 | D:5      | Learned a level 3 spell: Summon Guardian Golem
  2589 | D:5      | XOM: smoke on damage
  2653 | D:6      | Reached skill level 1 in Spellcasting
  2653 | D:6      | Reached skill level 1 in Hexes
  2653 | D:6      | Reached skill level 1 in Summonings
  2656 | D:6      | XOM: noise
  2677 | D:6      | XOM: enchant monster (bad)
  2681 | D:6      | XOM: scenery: summon butterflies
  2687 | D:6      | XOM: destruction
  2690 | D:6      | XOM: give mutations
  2690 | D:6      | Gained mutation: You have hidden genetic potential. [Xom's
                  | grace]
  2690 | D:6      | Gained mutation: You have a pair of small horns on your
                  | head. [Xom's grace]
  2710 | D:6      | XOM: cast spell 'Metabolic Englaciation'
  2720 | D:6      | XOM: polymorph kobold -> river rat
  2722 | D:6      | XOM: fog
  2756 | D:6      | Found Nasu Xetwu's Book Emporium.
  2779 | D:5      | Reached skill level 8 in Unarmed Combat
  2820 | D:6      | XOM: enchant monster (good)
  2824 | D:6      | XOM: fog
  2975 | D:6      | Gained mutation: You passively map the area around you.
                  | [Meteoran growth]
  2975 | D:6      | Reached XP level 9. HP: 71/71 MP: 13/13
  2999 | D:6      | Found a hazy altar of Hepliaklqana.
  3071 | D:6      | Found an iron altar of Okawaru.
  3124 | D:6      | XOM: give mutations
  3124 | D:6      | Gained mutation: Your muscles are strong. (Str +4, Int/Dex
                  | -1) [Xom's grace]
  3124 | D:6      | Gained mutation: You expend magic power (3 MP) to
                  | strengthen your wands. [Xom's grace]
  3124 | D:6      | Gained mutation: Your spells are a little harder to cast,
                  | but a little more powerful. [Xom's grace]
  3152 | D:6      | Found a broken altar of Ashenzari.
  3152 | D:6      | Found a blossoming altar of Fedhas.
  3195 | D:6      | XOM: 1-stop teleportation journey
  3260 | D:7      | XOM: fog
  3261 | D:7      | XOM: chaos upgrade
  3325 | D:6      | Found a stormy altar of Qazlal.
  3388 | D:7      | Found a staircase to the Ecumenical Temple.
  3393 | D:7      | XOM: enchant monster (bad)
  3440 | D:7      | XOM: divination: detect items
  3512 | D:7      | Found a basalt altar of Yredelemnul.
  3538 | D:7      | Found a shimmering altar of Xom.
  3547 | D:7      | XOM: enchant monster (bad)
  3798 | D:7      | Found a shimmering blue altar of Sif Muna.
  3798 | D:7      | Found an ornate altar of the Wu Jian Council.
  3922 | D:8      | XOM: potion effect (brilliance)
  3930 | D:8      | Reached skill level 5 in Hexes
  3938 | D:8      | XOM: enchant monster (bad)
  3946 | D:8      | Reached skill level 5 in Summonings
  3946 | D:8      | XOM: summons 4 friendly demons
  3963 | D:8      | Noticed Erica
  3973 | D:8      | Killed Erica
  3974 | D:8      | Reached XP level 10. HP: 57/78 MP: 17/17
  3987 | D:8      | XOM: 1-stop teleportation journey
  4060 | D:8      | XOM: destruction
  4060 | D:8      | Noticed Gastronok
  4081 | D:8      | Noticed a two-headed ogre
  4081 | D:8      | Gained mutation: You are partially covered in iridescent
                  | scales. (AC +2) [hidden potential]
  4088 | D:8      | XOM: chaos upgrade
  4147 | D:8      | Noticed a black mamba
  4147 | D:8      | Noticed a two-headed ogre
  4228 | D:8      | Reached skill level 9 in Unarmed Combat
  4269 | D:8      | XOM: summons 4 hostile demons
  4270 | D:8      | Noticed an ice devil
  4284 | D:9      | XOM: smoke on damage
  4288 | D:9      | Reached skill level 5 in Fighting
  4373 | D:9      | XOM: smoke on damage
  4374 | D:9      | XOM: blink monster(s)
  4382 | D:9      | Reached skill level 10 in Unarmed Combat
  4403 | D:9      | Found a staircase to the Lair.
  4410 | D:9      | XOM: noise
  4617 | D:8      | HP: 1/84 [two-headed ogre/+0 giant club (20)]
  4617 | D:8      | XOM: smoke on damage
  4621 | D:8      | Mangled by a two-headed ogre

Illustrated notes

Levels and vault maps discovered:
D:1:      minmay_arrival_plants_in_alcoves, layout_basic
D:2:      layout_basic, basic_altar, uniq_terence, uniq_natasha
D:3:      cheibrodos_fertilizer, layout_rooms,
          shapermc_ecumenical_altar_mp_vishouse, uniq_jessica
D:4:      layout_loops_cross, cheibrodos_sewer_entry_bend, hangedman_decor_push,
          minmay_misc_feat_alley
D:5:      layout_cave_pods
D:6:      layout_basic, mainiacjoe_overflow_24_doors,
          amethyst_overflow_temple_binary, worldfamousw_hep_ancestral_shrine,
          lemuel_round_altar, serial_shops, nicolae_inconvenience_store
D:7:      layout_cave_pods, mainiacjoe_overflow_catch_the_wave,
          gammafunk_temple_overflow_elements, temple_statues,
          hangedman_abyss_or_decor_stagger
D:8:      layout_cave_pools, kennysheep_island_fort, uniq_erica, uniq_gastronok
D:9:      layout_long_grid, lair_entry_dummy

Skill      XL: |  1  2  3  4  5  6  7  8  9 10 |
---------------+-------------------------------+-----
Unarmed Combat | 4 5 7 8 10 | 10.0
Fighting       | 4 7 |  7.4
Dodging        | 2 3 4 5 6 |  6.0
Evocations     | 1 3 |  3.4
Spellcasting   | 2 4 |  4.0
Hexes          | 2 7 |  7.0
Summonings     | 2 6 |  6.9
Armour         | |  2.4

Action                   |  1- 3 |  4- 6 |  7- 9 | 10-12 || total
-------------------------+-------+-------+-------+-------++-------
Melee: Unarmed           |   118 |   100 |   355 |   136 ||   709
       Punch             |       |     5 |    15 |    10 ||    30
       Headbutt          |       |       |    31 |    25 ||    56
 Cast: Summon Guardian G |       |       |     2 |     2 ||     4
Evoke: Piece from Xom's  |       |       |    14 |       ||    14
       Wand              |       |       |     2 |     6 ||     8
  Use: Potion            |     2 |       |     2 |       ||     4
       Scroll            |     4 |     2 |     8 |     3 ||    17
 Stab: Petrified         |       |       |     9 |       ||     9
       Confused          |       |       |     1 |       ||     1
Armor: Leather armour    |    15 |       |    65 |    68 ||   148
       Scale mail        |    42 |    53 |    19 |       ||   114
Dodge: Dodged            |    48 |    29 |   205 |    96 ||   378
Block: Other             |       |       |       |     5 ||     5
       Reflection        |       |       |       |     2 ||     2

Table legend: (Time is in decaauts)
 A = Elapsed time spent in this place.
 B = Non-inter-level travel time spent in this place.
 C = Inter-level travel time spent in this place.
 D = Time resting spent in this place.
 E = Time spent auto-exploring this place.
 F = Levels seen in this place.
 G = Mean time per level.
                   A        B        C        D        E       F      G
               +--------+--------+--------+--------+--------+-----+--------+
         Total |   4557 |   3765 |    792 |      0 |      0 |  10 |  455.7 |
       Dungeon |   4484 |   3692 |    792 |      0 |      0 |   9 |  498.2 |
         Sewer |     72 |     72 |      0 |      0 |      0 |   1 |   72.0 |
               +--------+--------+--------+--------+--------+-----+--------+

Top non-repeatable levels by time:
     D:2: 731 daAuts
     D:4: 676 daAuts
     D:6: 650 daAuts
     D:7: 594 daAuts
     D:5: 501 daAuts
     D:3: 364 daAuts
     D:8: 349 daAuts
     D:9: 327 daAuts
     D:1: 289 daAuts
   Sewer: 72 daAuts
